 Seeded DCSS version 0.31-a0-1522-g43313d8a59 (webtiles) character file.

Game seed: 14271762938270619294 (custom seed)

3400 innerfire43 the Slicer (level 9, 0/73 HPs)
             Began as a Demonspawn Wanderer on Dec 30, 2023.
             Was an Initiate of Yredelemnul.
             Slain by a killer bee (3 damage)
             ... on level 7 of the Dungeon.
             The game lasted 00:16:14 (5767 turns).

innerfire43 the Slicer (Demonspawn Wanderer)        Turns: 5767, Time: 00:16:15

Health: 0/73       AC:  6    Str: 16    XL:     9   Next: 75%
Magic:  9/9        EV: 16    Int: 10    God:    Yredelemnul [......]
Gold:   1071       SH:  0    Dex: 25    Spells: 8/8 levels left

rFire   . . .        a - +4 short sword (spect)
rCold   . . .        (no shield)
rNeg    . . .        t - +0 leather armour of Roez {^Drain Will++ rCorr Str+3}
rPois   .            (no helmet)
rElec   .            (no cloak)
rCorr   +            (no gloves)
SInv    .            l - +0 pair of boots
Will    ++...        (no amulet)
Stlth   ++           q - +6 ring of dexterity
HPRegen 0.32/turn    o - ring of flight
MPRegen 0.22/turn

%: no passive effects
@: flying
A: slimy green scales 1, demonic guardian 1, magic regeneration, demonic touch 2
a: Renounce Religion, Recall Undead Harvest


You were on level 7 of the Dungeon.
You worshipped Yredelemnul.
Yredelemnul was noncommittal.
You visited 1 branch of the dungeon, and saw 7 of its levels.

You collected 1225 gold pieces.
You spent 154 gold pieces at shops.

Inventory:

Hand Weapons
 a - a +4 spectral short sword (weapon)
 e - a +0 short sword of venom
 p - a +0 short sword of speed
Armour
 d - a +0 leather armour
 l - a +0 pair of boots (worn)
 t - the +0 leather armour of Roez (worn) {^Drain Will++ rCorr Str+3}
   (You found it on level 4 of the Dungeon)

   Str+3:     It affects your strength (+3).
   Will++:    It greatly increases your willpower.
   rCorr:     It protects you from acid and corrosion.
   ^Drain:    It drains your maximum health when unequipped.
 D - a +1 scale mail of cold resistance
Jewellery
 o - a ring of flight (right hand)
 q - a +6 ring of dexterity (left hand)
 r - a ring of protection from cold
Talismans
 u - a blade talisman
Wands
 w - a wand of mindburst (10)
Scrolls
 b - 2 scrolls of teleportation
 f - a scroll of revelation
 h - 4 scrolls of fear
 i - 2 scrolls of blinking
 j - 3 scrolls of amnesia
 k - 2 scrolls of poison
 v - a scroll of silence
 y - a scroll of immolation
 E - 2 scrolls of identify
Potions
 c - a potion of attraction
 g - a potion of degeneration {unknown}
 m - 2 potions of berserk rage
 n - a potion of magic
 s - a potion of might
 x - 2 potions of haste {unknown}
 z - a potion of brilliance
 A - a potion of mutation
 B - 2 potions of curing
 C - a potion of cancellation {unknown}
 F - a potion of heal wounds {unknown}


   Skills:
 + Level 7.7 Fighting
 * Level 9.0 Short Blades
 + Level 5.2 Armour
 + Level 5.3 Dodging
 - Level 1.7 Stealth


You had 8 spell levels left.
You didn't know any spells.
Your spell library contained the following spells:

 Spells                   Type           Power      Damage    Failure   Level
 Cigotuvi's Dreadful Rot  Necr/Alch/Air  0%         N/A       56%         2
 Frozen Ramparts          Ice            0%         1d1       80%         3
 Hailstorm                Conj/Ice       0%         3d5       80%         3
 Summon Ice Beast         Ice/Summ       0%         N/A       80%         3
 Tukima's Dance           Hex            0%         N/A       80%         3
 Dimensional Bullseye     Hex/Tloc       0%         N/A       99%         4
 Ignite Poison            Fire/Alch      0%         N/A       99%         4
 Iskenderun's Mystic Bla  Conj/Tloc      0%         2d3       99%         4
 Leda's Liquefaction      Alch/Erth      0%         N/A       99%         4
 Petrify                  Alch/Erth      0%         N/A       99%         4
 Freezing Cloud           Conj/Ice/Air   0%         6-21      100%        5
 Metabolic Englaciation   Hex/Ice        0%         N/A       100%        5
 Ozocubu's Refrigeration  Ice            0%         4d7       100%        7
 Polar Vortex             Ice            0%         N/A       100%        9
 Sculpt Simulacrum        Ice/Alch       Unusable   N/A       N/A         6

Dungeon Overview and Level Annotations

Branches:
Dungeon (7/15)             Temple (0/1) D:5

Altars:
Fedhas
Makhleb
Vehumet
Yredelemnul

Shops:
D:4 !   D:5 :

Annotations:
D:5 1 runed translucent door


Innate Abilities, Weirdness & Mutations

You are partially covered in slimy green scales. (AC +2)
A weak demonic guardian rushes to your aid.
You regenerate magic rapidly.
Your touch may inflict irresistible damage on your foes.


Message History

The killer bee is moderately wounded.
Your +4 spectral short sword barely misses the killer bee.
The killer bee closely misses you. x2; Your ufetubus misses the killer bee. x2
The killer bee stings you.
* * * LOW HITPOINT WARNING * * *
Unknown command.
You puncture the killer bee!
The killer bee is severely wounded.
Your +4 spectral short sword hits the killer bee but does no damage.
The killer bee closely misses you. The killer bee misses you.
The killer bee closely misses you.
Your ufetubus misses the killer bee.
Your ufetubus completely misses the killer bee.
Unknown command.
You closely miss the killer bee.
The killer bee is severely wounded.
Your +4 spectral short sword hits the killer bee.
The killer bee barely misses you. The killer bee closely misses you.
The killer bee stings your +4 spectral short sword.
Your spectral weapon shares its damage with you!
* * * LOW HITPOINT WARNING * * *
Your ufetubus slips past the killer bee!
Your ufetubus misses the killer bee.
Your ufetubus completely misses the killer bee.
The killer bee stings you.
* * * LOW HITPOINT WARNING * * *
The killer bee barely misses you.
The killer bee closely misses your +4 spectral short sword.
You catch the helpless killer bee completely off-guard!
You impale the killer bee!!
You kill the killer bee!
Your +4 spectral short sword disappears.
Your ufetubus misses the killer bee. x2; The killer bee closely misses you.
The killer bee misses you.
You barely miss the killer bee.
Your +4 spectral short sword hits the killer bee.
The killer bee stings you.
* * * LOW HITPOINT WARNING * * *
The killer bee stings you.
You die...
Your body rises from the dead as a mindless zombie.

## #..........##
###.###...).......#
#.....##..........###
#...................#
#....ยง..............#
##.##)......P.P.....
### ###.)......._......
#..##...#.#....P.P.#...
#.....@(#.............#
##....yy?.......##..###
..##...5........###>. #
............##..##..# #
.............######. #
.............# #
...........### #
....#.##...# .. ......
.... ...


You could see 2 killer bees, a friendly +4 spectral short sword and a friendly
ufetubus (summoned).

Vanquished Creatures
  The ghost of grandjackal the Trooper, a novice DsGl (D:5)
  Pikel (D:6)
  Jeremiah (D:6)
  Maggie (D:7)
  2 water moccasins
  2 ogres
  An orc warrior (D:6)
  An ice beast (D:5)
  A centaur (D:6)
  A lemure (D:6)
  A phantom (D:7)
  3 wights (D:7)
  2 scorpions
  8 killer bees (D:7)
  A gnoll bouda (D:5)
  2 hounds (D:5)
  2 orc wizards (D:6)
  10 adders
  11 gnolls
  A river rat (D:5)
  A white imp (D:6)
  A dart slug (D:1)
  A ribbon worm (D:2)
  18 orcs
  2 bats (D:3)
  6 endoplasms
  A giant cockroach (D:3)
  8 goblins
  5 hobgoblins
  6 kobolds
  3 quokkas
  5 ball pythons
  2 frilled lizards (D:1)
  7 rats
119 creatures vanquished.

Vanquished Creatures (collateral kills)
  Blork the orc (D:5)
  A scorpion (D:6)
  An adder (D:5)
  A ribbon worm (D:2)
  An orc (D:6)
  A ball python (D:3)
  A goblin (D:1)
  A hobgoblin (D:3)
  2 kobolds (D:4)
  2 quokkas
  A frilled lizard (D:2)
  15 rats (D:2)
28 creatures vanquished.

Vanquished Creatures (others)
  An ogre zombie (D:7)
  2 hound zombies (D:5)
  A ball python zombie (D:3)
  A frilled lizard zombie (D:2)
  A gnoll zombie (D:4)
  3 kobold zombies
  4 orc zombies
  A quokka zombie (D:2)
  5 rat zombies
19 creatures vanquished.

Grand Total: 166 creatures vanquished

Notes
Turn   | Place    | Note
-------+----------+-------------------------------------------
     0 | D:1      | innerfire43 the Demonspawn Wanderer began the quest for the
                  | Orb.
     0 | D:1      | innerfire43 set off with the following items: a +3 short
                  | sword, a scroll of teleportation, a potion of attraction, a
                  | +0 leather armour.
     0 | D:1      | Reached XP level 1. HP: 19/19 MP: 1/1
    33 | D:1      | Found a faded altar of an unknown god.
    49 | D:1      | Prayed at the altar of an unknown god.
    49 | D:1      | Became a worshipper of Yredelemnul the Dark
    49 | D:1      | Reached * piety under Yredelemnul
    97 | D:1      | Gained mutation: You regenerate magic rapidly. [demonic
                  | ancestry]
    97 | D:1      | Reached XP level 2. HP: 23/25 MP: 2/2
   471 | D:1      | Reached ** piety under Yredelemnul
   472 | D:1      | Reached skill level 4 in Short Blades
   701 | D:2      | Gained mutation: Your touch may inflict minor irresistible
                  | damage on your foes. [demonic ancestry]
   701 | D:2      | Reached XP level 3. HP: 13/31 MP: 3/3
  1014 | D:2      | Gained mutation: You are partially covered in slimy green
                  | scales. (AC +2) [demonic ancestry]
  1014 | D:2      | Reached XP level 4. HP: 34/38 MP: 4/4
  1426 | D:2      | Reached *** piety under Yredelemnul
  1838 | D:3      | Noticed a scorpion
  1847 | D:3      | Killed a scorpion
  1848 | D:3      | Reached skill level 5 in Fighting
  1848 | D:3      | Reached skill level 1 in Armour
  1848 | D:3      | Reached skill level 1 in Dodging
  1848 | D:3      | Reached XP level 5. HP: 25/44 MP: 5/5
  2823 | D:4      | Identified the +0 leather armour of Roez {^Drain Will++
                  | rCorr Str+3}
  2846 | D:4      | Reached skill level 5 in Short Blades
  3234 | D:4      | Reached XP level 6. HP: 30/51 MP: 6/6
  3511 | D:4      | Found Plog's Distillery.
  3542 | D:4      | Bought a potion of mutation for 88 gold pieces
  3542 | D:4      | Bought a potion of curing for 33 gold pieces
  3542 | D:4      | Bought a potion of curing for 33 gold pieces
  3556 | D:4      | Found a burning altar of Makhleb.
  3891 | D:5      | Entered Level 5 of the Dungeon
  4011 | D:5      | Found a staircase to the Ecumenical Temple.
  4049 | D:5      | Found a runed translucent door.
  4067 | D:5      | Found Ciups's Book Shoppe.
  4138 | D:5      | Noticed Blork the orc
  4149 | D:5      | Killed Blork the orc
  4150 | D:5      | Gained mutation: A weak demonic guardian rushes to your
                  | aid. [demonic ancestry]
  4150 | D:5      | Reached XP level 7. HP: 45/56 MP: 7/7
  4383 | D:5      | Found a radiant altar of Vehumet.
  4434 | D:5      | Noticed grandjackal's ghost (novice DsGl)
  4448 | D:5      | Found a runed translucent door.
  4492 | D:5      | Reached skill level 6 in Short Blades
  4623 | D:5      | Killed grandjackal's ghost
  4624 | D:5      | Gained mutation: Your touch may inflict irresistible damage
                  | on your foes. [demonic ancestry]
  4624 | D:5      | Reached XP level 8. HP: 13/64 MP: 1/8
  4834 | D:6      | Noticed Pikel
  4842 | D:6      | Killed Pikel
  4843 | D:6      | Reached skill level 7 in Short Blades
  4942 | D:6      | Noticed Jeremiah
  4984 | D:6      | Killed Jeremiah
  4985 | D:6      | Reached skill level 8 in Short Blades
  4985 | D:6      | Reached XP level 9. HP: 25/72 MP: 9/9
  4985 | D:6      | Identified a scroll of acquirement
  4985 | D:6      | Acquired 787 gold pieces
  5689 | D:7      | Noticed Maggie
  5691 | D:7      | Killed Maggie
  5692 | D:7      | Reached skill level 5 in Dodging
  5695 | D:7      | Found a blossoming altar of Fedhas.
  5716 | D:7      | Reached skill level 5 in Armour
  5762 | D:7      | Reached skill level 9 in Short Blades
  5767 | D:7      | HP: 3/73 [killer bee (2)]
  5767 | D:7      | Slain by a killer bee

Illustrated notes

Levels and vault maps discovered:
D:1:      lightli_arrival_maybe_door_vault, layout_rooms,
          basic_ecumenical_altar, minmay_hedge_maze, amcnicky_mini_pool_small,
          chequers_mini_garden
D:2:      layout_loops_ring, nicolae_concentric_dashed_squares_wild,
          minmay_rat_hole
D:3:      layout_loops_ring, minmay_puff
D:4:      layout_gridville, zin_academy, lemuel_tele_altar, serial_shops, shop
D:5:      layout_rooms, lemuel_coloured_pillars_altar, temple_doors_e,
          serial_shops, nicolae_shop_real_fake_doors, ebering_ghost_sewer_f,
          uniq_blork_the_orc
D:6:      layout_gridville, uniq_pikel, uniq_jeremiah
D:7:      layout_cave_pools, lemuel_round_altar,
          gammafunk_temple_overflow_pools, fedhas_altar_1, serial_shops, shop,
          uniq_maggie

Skill      XL: |  1  2  3  4  5  6  7  8  9 |
---------------+----------------------------+-----
Short Blades   | 4 5 6 8 9 |  9.0
Fighting       | 5 6 7 |  7.7
Armour         | 1 2 3 4 5 |  5.2
Dodging        | 1 2 3 4 5 |  5.3
Stealth        | |  1.7

Action                     |  1- 3 |  4- 6 |  7- 9 || total
---------------------------+-------+-------+-------++-------
  Melee: Short sword       |    82 |   135 |   117 ||   334
         Touch             |     3 |    26 |    35 ||    64
         Punch             |       |     2 |     1 ||     3
 Invoke: Recall Undead Har |       |     1 |     1 ||     2
         Dark Bargain      |       |       |     1 ||     1
    Use: Scroll            |       |    15 |     1 ||    16
   Stab: Sleeping          |     5 |     5 |     1 ||    11
         Distracted        |       |     2 |     3 ||     5
 Armour: Leather armour    |    34 |    57 |    49 ||   140
         Skin              |       |     3 |       ||     3
  Dodge: Dodged            |    24 |    68 |    62 ||   154

Table legend: (Time is in decaauts)
 A = Elapsed time spent in this place.
 B = Non-inter-level travel time spent in this place.
 C = Inter-level travel time spent in this place.
 D = Time resting spent in this place.
 E = Time spent auto-exploring this place.
 F = Levels seen in this place.
 G = Mean time per level.
                   A        B        C        D        E       F      G
               +--------+--------+--------+--------+--------+-----+--------+
         Total |   5669 |   5441 |    228 |      0 |   4358 |   7 |  809.9 |
       Dungeon |   5669 |   5441 |    228 |      0 |   4358 |   7 |  809.9 |
               +--------+--------+--------+--------+--------+-----+--------+

Top non-repeatable levels by time:
     D:3: 1138 daAuts
     D:4: 1065 daAuts
     D:2: 1050 daAuts
     D:5: 924 daAuts
     D:6: 748 daAuts
     D:1: 593 daAuts
     D:7: 148 daAuts
